 Dungeon Crawl Stone Soup version 0.19-a0-1568-gdd01aac (webtiles) character file.

579 dvd the Stinger (level 7, -4/42 HPs)
             Began as an Octopode Venom Mage on Sept 15, 2016.
             Was an Initiate of Vehumet.
             Slain by an ice beast (8 damage)
             ... on level 5 of the Dungeon.
             The game lasted 00:15:18 (4070 turns).

dvd the Stinger (Octopode Venom Mage)               Turns: 4070, Time: 00:15:20

Health: -4/42      AC:  3    Str:  7    XL:     7   Next: 36%
Magic:  8/12       EV: 14    Int: 19    God:    Vehumet [......]
Gold:   194        SH:  0    Dex: 13    Spells: 3 memorised, 7 levels left

rFire  . . .     SeeInvis .     a - +0 dagger (venom)
rCold  . . .     Gourm    .     (no shield)
rNeg   . . .     Faith    .     s - +2 hat
rPois  .         Spirit   .     (no amulet)
rElec  .         Dismiss  .     f - ring of protection from magic
rCorr  .         Reflect  .     m - ring of stealth
MR     +....     Harm     .     (no ring)
Stlth  +++++.....               (no ring)
                                (no ring)
                                (no ring)
                                (no ring)
                                (no ring)

@: radiating poison
A: almost no armour, stealthy swim, amphibious, 8 rings, constrict 8, camouflage
1, gelatinous body 1
a: Renounce Religion


You were on level 5 of the Dungeon.
You worshipped Vehumet.
Vehumet was noncommittal.
You were not hungry.

You visited 1 branch of the dungeon, and saw 5 of its levels.

You collected 194 gold pieces.

Inventory:

Hand Weapons
 a - a +0 dagger of venom (weapon)
 k - a -3 dagger
Armour
 s - a +2 hat (worn)
Jewellery
 f - a ring of protection from magic (left tentacle)
 m - a ring of stealth (right tentacle)
 w - an uncursed amulet of faith
Wands
 t - a wand of paralysis (15/24)
 x - a wand of iceblast (10/15)
Scrolls
 e - 2 scrolls of teleportation
 l - 2 scrolls of identify
 r - a scroll of amnesia
 u - 2 scrolls of immolation {unknown}
 y - a scroll of blinking {unknown}
Potions
 d - a potion of heal wounds {unknown}
 h - a potion of curing {unknown}
 j - 2 potions of brilliance {unknown}
 n - 2 potions of haste {unknown}
Books
 c - a Young Poisoner's Handbook

   Spells                             Type                      Level
   a - Sting                          Conjuration/Poison           1
   b - Mephitic Cloud                 Conjuration/Poison/Air       3
   c - Olgreb's Toxic Radiance        Poison                       4
   d - Alistair's Intoxication        Transmutation/Poison         5
   e - Venom Bolt                     Conjuration/Poison           5
 i - a book of Misfortune

   Spells                             Type                      Level
   a - Confusing Touch                Hexes                        1
   b - Confuse                        Hexes                        3
   c - Gell's Gravitas                Hexes/Translocation          3
   d - Petrify                        Transmutation/Earth          4
   e - Metabolic Englaciation         Hexes/Ice                    5
   f - Yara's Violent Unravelling     Hexes/Transmutation          5
 q - a book of Summonings

   Spells                             Type                      Level
   a - Recall                         Summoning/Translocation      3
   b - Aura of Abjuration             Summoning                    5
   c - Summon Demon                   Summoning                    5
   d - Summon Forest                  Summoning/Translocation      5
   e - Summon Mana Viper              Hexes/Summoning              5
   f - Shadow Creatures               Summoning                    6
Comestibles
 b - 3 bread rations
 g - 3 chunks of flesh
 o - 2 meat rations
 p - 2 fruits
 v - a beef jerky


   Skills:
 + Level 0.8 Fighting
 + Level 2.1 Short Blades
 + Level 3.0 Dodging
 + Level 4.6 Stealth
 + Level 3.8 Spellcasting
 + Level 2.8 Conjurations
 + Level 0.6 Hexes
 + Level 6.5 Poison Magic


You had 7 spell levels left.
You knew the following spells:

 Your Spells              Type           Power        Failure   Level  Hunger
a - Sting                 Conj/Pois      ###.         1%          1    None
b - Olgreb's Toxic Radia  Pois           ####....     12%         4    ####...
c - Confusing Touch       Hex            #.....       12%         1    None


Dungeon Overview and Level Annotations

Branches:
Dungeon (5/15)
 Temple: D:4-7

Altars:
Cheibriados
Okawaru
Qazlal
Trog
Vehumet
Yredelemnul
Zin

Shops:
D:4 *


Innate Abilities, Weirdness & Mutations

You cannot wear most types of armour.
You are very stealthy in the water.
You are amphibious.
You can wear up to eight rings at the same time.
You can use your tentacles to constrict eight enemies at once.
Your skin changes colour to match your surroundings (Stealth+).
Your rubbery body absorbs attacks. (AC +1, EV +1)


Message History

You hit the ice beast but do no damage.
The ice beast looks as sick as possible!
The ice beast hits you. The ice beast freezes you!
You hit the ice beast but do no damage. The ice beast hits you.
The ice beast freezes you!
* * * LOW HITPOINT WARNING * * *
There is a stone staircase leading down here.
Your tentacles stop glowing.
There is a stone staircase leading down here.
The ice beast barely misses you.
A centaur zombie comes into view.
A howler monkey comes into view.
There is a stone staircase leading down here.
Casting: Confusing Touch
Confirm with . or Enter, or press ? or * to list all spells.
You begin to radiate toxic energy.
The howler monkey is poisoned.
The ice beast hits you.
* * * LOW HITPOINT WARNING * * *
The ice beast freezes you!
You die...

#.......###########
#.#
#........Y........#
#.# .
#.......#########.#
#.# . #............#
#.# #.# .
......##.###.# #.# #.#
. ..Z... #h# #.# #.#
#.# . ...#h #># #.#
#.######.##. #. #.
##.###.####.....#.#.#.
. .
#.#hY@.>....###..###..
## ##.###......#
#.#.#.## ###
######.###....##
#.....#### #######


You could see an ice beast and a howler monkey.

Vanquished Creatures
  An ogre (D:3)
  3 scorpions (D:4)
  3 howler monkeys
  A quasit (D:3)
  An orc priest (D:3)
  An orc wizard (D:3)
  A worker ant (D:4)
  A hound zombie (D:5)
  2 adders
  An adder skeleton (D:4)
  3 worms
  2 dart slugs
  4 leopard geckos
  7 orcs
  5 bats
  3 giant cockroaches
  8 goblins
  7 hobgoblins
  10 jackals
  2 frilled lizards
  11 kobolds
  9 rats
86 creatures vanquished.

Vanquished Creatures (others)
  A bush (D:2)
1 creature vanquished.

Grand Total: 87 creatures vanquished

Notes
Turn   | Place    | Note
-------+----------+-------------------------------------------
     0 | D:1      | dvd the Octopode Venom Mage began the quest for the Orb.
     0 | D:1      | Reached XP level 1. HP: 11/11 MP: 3/3
   213 | D:1      | Reached skill level 5 in Poison Magic
   303 | D:1      | Reached XP level 2. HP: 9/17 MP: 0/5
  1069 | D:1      | Reached XP level 3. HP: 13/21 MP: 2/6
  1362 | D:2      | Found an iron altar of Okawaru.
  1782 | D:2      | Found a bloodstained altar of Trog.
  1863 | D:2      | Reached skill level 1 in Conjurations
  2086 | D:2      | Found a stormy altar of Qazlal.
  2237 | D:2      | Reached XP level 4. HP: 23/27 MP: 4/7
  2242 | D:2      | Found a basalt altar of Yredelemnul.
  2365 | D:3      | Learned a level 4 spell: Olgreb's Toxic Radiance
  2412 | D:3      | Noticed an ogre
  2438 | D:3      | Killed an ogre
  2438 | D:3      | Reached skill level 6 in Poison Magic
  2438 | D:3      | Reached XP level 5. HP: 31/31 MP: 2/9
  2643 | D:3      | Reached skill level 1 in Short Blades
  2656 | D:3      | Reached XP level 6. HP: 37/37 MP: 4/10
  3320 | D:4      | Learned a level 1 spell: Confusing Touch
  3352 | D:4      | Found Zin's Purification Station.
  3355 | D:4      | Found a glowing silver altar of Zin.
  3379 | D:4      | Found a snail-covered altar of Cheibriados.
  3719 | D:4      | Found a radiant altar of Vehumet.
  3722 | D:4      | Became a worshipper of Vehumet
  3763 | D:4      | Reached XP level 7. HP: 42/42 MP: 10/12
  3967 | D:5      | Entered Level 5 of the Dungeon
  4070 | D:5      | Slain by an ice beast

Vault maps used:
D:1:      minmay_arrival_diagonal_passages
D:2:      lemuel_coloured_pillars_altar, okawaru_metal_pillars_1_2, bloody_trog,
          lemuel_doored_altar, serial_forest, infiniplex_forest_lined_3,
          infiniplex_forest_clump_cross, infiniplex_forest_clump_diagonal,
          infiniplex_forest_diagonal, infiniplex_forest_clump_C,
          infiniplex_forest_fountain, infiniplex_forest_clump_tiny,
          hangedman_feature_mirror
D:3:      serial_glass, glass_columns_a, glass_columns_c, feat_on_display,
          feat_on_display
D:4:      zin_purify, kennysheep_mini_moat, kennysheep_slug_shrine, first_bread
D:5:      lemuel_crystal_altar, uniq_prince_ribbit1, uniq_menkaure, uniq_grinder

Skill      XL: |  1  2  3  4  5  6  7 |
---------------+----------------------+-----
Poison Magic   | 5 6 |  6.5
Stealth        | 3 4 |  4.6
Conjurations   | 1 2 |  2.8
Short Blades   | 1 2 |  2.1
Spellcasting   | 3 |  3.8
Dodging        | 3 |  3.0
Fighting       | |  0.8
Hexes          | |  0.6

Action                   |  1- 3 |  4- 6 |  7- 9 || total
-------------------------+-------+-------+-------++-------
Melee: Short sword       |    51 |     2 |       ||    53
       Constrict         |    16 |    10 |     5 ||    31
       Tentacles         |     5 |     4 |     2 ||    11
       Dagger            |       |    33 |    19 ||    52
       Rapier            |       |     1 |       ||     1
 Cast: Sting             |    68 |    33 |       ||   101
       Olgreb's Toxic Ra |       |     4 |     3 ||     7
       Confusing Touch   |       |     1 |     2 ||     3
  Use: Scroll            |     5 |     3 |       ||     8
       Potion            |       |     1 |       ||     1
 Stab: Sleeping          |     3 |     6 |     1 ||    10
  Eat: Chunk             |     4 |     1 |     2 ||     7
       Meat ration       |     1 |       |       ||     1
Armor: Skin              |     2 |     3 |     2 ||     7
Dodge: Dodged            |    31 |    21 |     6 ||    58
